SNL (28 & UNDER)
KEY WEST BARRACUDAS @ WICHITA WRANGLERS
08/18/2026
 
TOP OF THE 1ST
Key West Barracudas batting - Pitching for Wichita Wranglers : LHP Craig Sturdy
Pitching: LHP Craig Sturdy
Batting: SHB Rodney Birling 0-0: Ball
1-0: Called Strike
1-1: Swinging Strike
1-2: Ball
2-2: Strikes out looking
Batting: RHB Carlos Bravo 0-0: SINGLE (Line Drive, 8LS)
Batting: RHB Richard Sanders 0-0: Foul Ball, location: 2F
0-1: Swinging Strike
0-2: Ground out 5-3 (Groundball, 15S)
Carlos Bravo to second
Batting: RHB Anastasio Villa 0-0: Ball
1-0: Foul Ball, location: 2F
1-1: 2-RUN HOME RUN (Flyball, 8LXD), Distance : 407 ft
Batting: LHB Domingo Ledesma 0-0: Called Strike
0-1: Ball
1-1: Foul Ball, location: 2F
1-2: Foul Ball, location: 2F
1-2: Ground out 4-3 (Groundball, 4)
Top of the 1st over - 2 run(s), 2 hit(s), 0 error(s), 0 left on base; Key West 2 - Wichita 0
BOTTOM OF THE 1ST
Wichita Wranglers batting - Pitching for Key West Barracudas : LHP Luis Rodríguez
Pitching: LHP Luis Rodríguez
Batting: LHB Alfredo Sánchez 0-0: Ball
1-0: SINGLE (Line Drive, 34)
Batting: RHB Dave Henderson 0-0: Ball
1-0: DOUBLE (Line Drive, 78XD)
Alfredo Sánchez to third
Batting: RHB Miguel Monteagudo 0-0: Called Strike
0-1: Foul Ball, location: 2F
0-2: Ball
1-2: SINGLE (Groundball, 5D)
Alfredo Sánchez scores
Dave Henderson to third
Runner from 3rd tries for Home, SAFE, throw made home
Miguel Monteagudo to second
Batting: SHB Javier Peña 0-0: Ball
1-0: Ball
2-0: Ball
3-0: Base on Balls
Batting: RHB Ed Watkins 0-0: Ball
1-0: Fielders Choice at 2nd, 6-4 (Groundball, 56)
Miguel Monteagudo to third
Batting: SHB Giancarlo Giannini 0-0: Called Strike
0-1: Called Strike
0-2: Foul Ball, location: 2F
0-2: Ball
1-2: Strikes out swinging
Batting: RHB Tom Gordon 0-0: Called Strike
0-1: Ball
1-1: 3-RUN HOME RUN (Flyball, 9D), Distance : 363 ft
Batting: RHB James Stevens 0-0: Ball
1-0: Foul Ball, location: 2F
1-1: Ball
2-1: Ball
3-1: Base on Balls
Batting: LHB Aurelio Torrez 0-0: Called Strike
0-1: Fly out, F8 (Popup, 8LS)
Bottom of the 1st over - 5 run(s), 4 hit(s), 0 error(s), 1 left on base; Key West 2 - Wichita 5
TOP OF THE 2ND
Key West Barracudas batting - Pitching for Wichita Wranglers : LHP Craig Sturdy
Batting: RHB Carlos Miranda 0-0: Called Strike
0-1: Called Strike
0-2: Strikes out swinging
Batting: LHB Motoki Hirata 0-0: Foul Ball, location: 2F
0-1: Ball
1-1: Ground out 3-1 (Groundball, 34)
Batting: LHB Daniel Byrd 0-0: Foul Ball, location: 2F
0-1: Foul Ball, location: 2F
0-2: Foul Ball, location: 2F
0-2: Ball
1-2: Strikes out swinging
Top of the 2nd over - 0 run(s), 0 hit(s), 0 error(s), 0 left on base; Key West 2 - Wichita 5
BOTTOM OF THE 2ND
Wichita Wranglers batting - Pitching for Key West Barracudas : LHP Luis Rodríguez
Batting: LHB Alfredo Sánchez 0-0: Swinging Strike
0-1: Ball
1-1: Ball
2-1: Foul Ball, location: 2F
2-2: Strikes out swinging
Batting: RHB Dave Henderson 0-0: Ball
1-0: Fly out, F2 (Popup, 2LF)
Batting: RHB Miguel Monteagudo 0-0: Ball
1-0: Fly out, F7 (Flyball, 7LM)
Bottom of the 2nd over - 0 run(s), 0 hit(s), 0 error(s), 0 left on base; Key West 2 - Wichita 5
TOP OF THE 3RD
Key West Barracudas batting - Pitching for Wichita Wranglers : LHP Craig Sturdy
Batting: RHB Dan Craft 0-0: Called Strike
0-1: SINGLE (Line Drive, 89S)
Batting: SHB Rodney Birling 0-0: Called Strike
Dan Craft steals 2nd base
0-1: Foul Ball, location: 2F
0-2: Ground out 4-3 (Groundball, 4)
Dan Craft to third
Batting: RHB Carlos Bravo 0-0: Called Strike
0-1: Ball
1-1: SINGLE (Groundball, 6MD)
Dan Craft scores
Batting: RHB Richard Sanders 0-0: Ball
1-0: DOUBLE (Line Drive, 5L)
Carlos Bravo to third
Batting: RHB Anastasio Villa 0-0: Ground out 1-3 (Groundball, 13S)
Batting: LHB Domingo Ledesma 0-0: Called Strike
0-1: Ball
1-1: Ball
2-1: Called Strike
2-2: Foul Ball, location: 2F
2-2: Foul Ball, location: 2F
2-2: Ball
3-2: Foul Ball, location: 2F
3-2: Strikes out looking
Top of the 3rd over - 1 run(s), 3 hit(s), 0 error(s), 2 left on base; Key West 3 - Wichita 5
BOTTOM OF THE 3RD
Wichita Wranglers batting - Pitching for Key West Barracudas : LHP Luis Rodríguez
Batting: SHB Javier Peña 0-0: Ball
1-0: Called Strike
1-1: Ball
2-1: SINGLE (Groundball, 4M)
Batting: RHB Ed Watkins 0-0: Ball
1-0: Ball
2-0: Called Strike
2-1: DOUBLE (Flyball, 8LXD)
Javier Peña to third
Batting: SHB Giancarlo Giannini 0-0: Ball
1-0: Foul Ball, location: 2F
1-1: Swinging Strike
1-2: Ball
2-2: Strikes out swinging
Batting: RHB Tom Gordon 0-0: Ball
1-0: Ball
2-0: Called Strike
2-1: Foul Ball, location: 2F
2-2: SINGLE (Groundball, 34)
Javier Peña scores
Ed Watkins to third
Batting: RHB James Stevens 0-0: Ball
1-0: Ball
2-0: SINGLE (Line Drive, 8RS)
Ed Watkins scores
Tom Gordon to second
Batting: LHB Aurelio Torrez 0-0: Ball
1-0: Fly out, F9 (Flyball, 9M)
Batting: LHB Alfredo Sánchez 0-0: Fly out, F8 (Flyball, 8LD)
Bottom of the 3rd over - 2 run(s), 4 hit(s), 0 error(s), 2 left on base; Key West 3 - Wichita 7
TOP OF THE 4TH
Key West Barracudas batting - Pitching for Wichita Wranglers : LHP Craig Sturdy
Batting: RHB Carlos Miranda 0-0: Called Strike
0-1: Fly out, F4 (Popup, 3D)
Batting: LHB Motoki Hirata 0-0: Called Strike
0-1: Ball
1-1: Ball
2-1: Swinging Strike
2-2: Ball
3-2: Strikes out swinging
Batting: LHB Daniel Byrd 0-0: Called Strike
0-1: Foul Ball, location: 2F
0-2: Foul Ball, location: 2F
0-2: Strikes out swinging
Top of the 4th over - 0 run(s), 0 hit(s), 0 error(s), 0 left on base; Key West 3 - Wichita 7
BOTTOM OF THE 4TH
Wichita Wranglers batting - Pitching for Key West Barracudas : LHP Luis Rodríguez
Pitching: RHP Gerald Núñez
Batting: RHB Dave Henderson 0-0: Ball
1-0: Ball
2-0: Foul Ball, location: 2F
2-1: Fly out, F4 (Popup, 4)
Batting: RHB Miguel Monteagudo 0-0: Called Strike
0-1: Swinging Strike
0-2: Strikes out looking
Batting: SHB Javier Peña 0-0: Foul Ball, location: 2F
0-1: Ball
1-1: Foul Ball, location: 2F
1-2: DOUBLE (Groundball, 3L)
Batting: RHB Ed Watkins 0-0: Fly out, F8 (Flyball, 8LS)
Bottom of the 4th over - 0 run(s), 1 hit(s), 0 error(s), 1 left on base; Key West 3 - Wichita 7
TOP OF THE 5TH
Key West Barracudas batting - Pitching for Wichita Wranglers : LHP Craig Sturdy
Batting: RHB Dan Craft 0-0: SINGLE (Groundball, 56)
Batting: SHB Rodney Birling 0-0: Fly out, F9 (Flyball, 9M)
Batting: RHB Carlos Bravo 0-0: Called Strike
0-1: Ball
1-1: Ball
2-1: SINGLE (Groundball, 56D)
Dan Craft to second
Batting: RHB Richard Sanders 0-0: Called Strike
0-1: Called Strike
Dan Craft steals 3rd base
Carlos Bravo to second
0-2: Foul Ball, location: 2F
0-2: Ground out 5-3 (Groundball, 5L)
Batting: RHB Anastasio Villa 0-0: Fly out, F8 (Flyball, 8LD)
Top of the 5th over - 0 run(s), 2 hit(s), 0 error(s), 2 left on base; Key West 3 - Wichita 7
BOTTOM OF THE 5TH
Wichita Wranglers batting - Pitching for Key West Barracudas : RHP Gerald Núñez
Batting: SHB Giancarlo Giannini 0-0: Ball
1-0: Foul Ball, location: 2F
1-1: Called Strike
1-2: SINGLE (Line Drive, 56)
Batting: RHB Tom Gordon 0-0: Called Strike
0-1: Foul Ball, location: 2F
0-2: Ball
1-2: Ball
2-2: Foul Ball, location: 2F
2-2: Ball
3-2: Fly out, F8 (Flyball, 8LXD)
Batting: RHB James Stevens 0-0: Ball
1-0: SINGLE (Groundball, 56D)
Giancarlo Giannini to second
Batting: LHB Aurelio Torrez 0-0: Foul Ball, location: 2F
0-1: Ground out U3 (Groundball, 3S)
Giancarlo Giannini to third
James Stevens to second
Batting: LHB Alfredo Sánchez 0-0: Called Strike
0-1: Ball
1-1: Ball
2-1: Ball
3-1: Base on Balls
Batting: RHB Dave Henderson 0-0: Ball
1-0: Ball
2-0: Ball
3-0: Base on Balls
Giancarlo Giannini scores
James Stevens to third
Alfredo Sánchez to second
Batting: RHB Miguel Monteagudo 0-0: Ball
1-0: Ball
2-0: Called Strike
2-1: Fly out, F7 (Flyball, 7S)
Bottom of the 5th over - 1 run(s), 2 hit(s), 0 error(s), 3 left on base; Key West 3 - Wichita 8
TOP OF THE 6TH
Key West Barracudas batting - Pitching for Wichita Wranglers : LHP Craig Sturdy
Batting: LHB Domingo Ledesma 0-0: Foul Ball, location: 2F
0-1: Ball
1-1: Ball
2-1: Fly out, F7 (Line Drive, 78S)
Batting: RHB Carlos Miranda 0-0: Called Strike
0-1: Ball
1-1: Foul Ball, location: 2F
1-2: Ball
2-2: Strikes out swinging
Batting: LHB Motoki Hirata 0-0: Fly out, F7 (Flyball, 78D)
Top of the 6th over - 0 run(s), 0 hit(s), 0 error(s), 0 left on base; Key West 3 - Wichita 8
BOTTOM OF THE 6TH
Wichita Wranglers batting - Pitching for Key West Barracudas : RHP Gerald Núñez
Batting: SHB Javier Peña 0-0: Called Strike
0-1: Ball
1-1: Ball
2-1: Called Strike
2-2: Ball
3-2: Foul Ball, location: 2F
3-2: Ground out 6-3 (Groundball, 6M)
Batting: RHB Ed Watkins 0-0: Ground out 5-3 (Groundball, 56)
Batting: SHB Giancarlo Giannini 0-0: Ball
1-0: Swinging Strike
1-1: Called Strike
1-2: Strikes out looking
Bottom of the 6th over - 0 run(s), 0 hit(s), 0 error(s), 0 left on base; Key West 3 - Wichita 8
TOP OF THE 7TH
Key West Barracudas batting - Pitching for Wichita Wranglers : LHP Craig Sturdy
Batting: LHB Daniel Byrd 0-0: Called Strike
0-1: Ball
1-1: Ball
2-1: Foul Ball, location: 2F
2-2: Ground out 4-3 (Groundball, 13)
Batting: RHB Dan Craft 0-0: Called Strike
0-1: SINGLE (Line Drive, 4MD)
Batting: SHB Rodney Birling 0-0: Ball
1-0: Swinging Strike
1-1: Called Strike
1-2: Strikes out looking
Batting: RHB Carlos Bravo 0-0: Called Strike
0-1: Foul Ball, location: 2F
0-2: Ball
1-2: Foul Ball, location: 2F
1-2: Ball
Dan Craft steals 2nd base
2-2: Ball
3-2: Foul Ball, location: 2F
3-2: Foul Ball, location: 2F
3-2: Ground out 4-3 (Groundball, 4)
Top of the 7th over - 0 run(s), 1 hit(s), 0 error(s), 1 left on base; Key West 3 - Wichita 8
BOTTOM OF THE 7TH
Wichita Wranglers batting - Pitching for Key West Barracudas : RHP Gerald Núñez
Pitching: RHP Sean Harden
Batting: RHB Tom Gordon 0-0: Ball
1-0: DOUBLE (Groundball, 5L)
Batting: RHB James Stevens 0-0: Ball
1-0: Ball
2-0: Swinging Strike
2-1: SINGLE (Line Drive, 4M)
Tom Gordon to third
Batting: LHB Aurelio Torrez 0-0: Called Strike
0-1: Ball
1-1: Ball
2-1: Foul Ball, location: 2F
2-2: SINGLE (Line Drive, 89S)
Tom Gordon scores
James Stevens to second
Batting: LHB Alfredo Sánchez 0-0: Ball
1-0: Ball
2-0: Ball
3-0: Base on Balls
James Stevens to third
Aurelio Torrez to second
Batting: RHB Dave Henderson 0-0: Swinging Strike
0-1: Foul Ball, location: 2F
0-2: Ground out 5-3 (Groundball, 56S)
James Stevens scores
Aurelio Torrez to third
Alfredo Sánchez to second
Batting: RHB Miguel Monteagudo 0-0: Ball
1-0: SINGLE (Groundball, 56D)
Aurelio Torrez scores
Alfredo Sánchez to third
Pitching: RHP Ed Calhoun
Batting: SHB Javier Peña 0-0: Ball
1-0: Ball
Miguel Monteagudo steals 2nd base
2-0: Ball
3-0: Base on Balls
Batting: RHB Ed Watkins 0-0: Called Strike
0-1: Ball
1-1: Foul Ball, location: 2F
1-2: Foul Ball, location: 2F
1-2: SINGLE (Groundball, 4M)
Alfredo Sánchez scores
Miguel Monteagudo to third
Javier Peña to second
Runner from 3rd tries for Home, SAFE, no throw or cutoff
Batting: SHB Giancarlo Giannini 0-0: Swinging Strike
0-1: Ball
1-1: Called Strike
1-2: Strikes out looking
Batting: RHB Tom Gordon 0-0: SINGLE (Line Drive, 34D)
Javier Peña to third
Ed Watkins to second
Runner from 3rd tries for Home, SAFE, no throw or cutoff
Batting: RHB James Stevens 0-0: Ball
1-0: SINGLE (Line Drive, 34)
Ed Watkins to third
Tom Gordon to second
Runner from 3rd tries for Home, SAFE, no throw or cutoff
Batting: LHB Aurelio Torrez 0-0: Ball
1-0: Ball
2-0: Ball
3-0: Called Strike
3-1: Base on Balls
Tom Gordon to third
James Stevens to second
Pinch Hitting: LHB Bill Frazier 0-0: Called Strike
0-1: Fly out, F7 (Flyball, 7S)
Bottom of the 7th over - 7 run(s), 7 hit(s), 0 error(s), 3 left on base; Key West 3 - Wichita 15
TOP OF THE 8TH
Key West Barracudas batting - Pitching for Wichita Wranglers : LHP Craig Sturdy
Pitching: LHP Fred Villa
Now at 1B: José Hernández
Batting: RHB Richard Sanders 0-0: Swinging Strike
0-1: Swinging Strike
0-2: Ball
1-2: Ball
2-2: Ground out 5-3 (Groundball, 56)
Batting: RHB Anastasio Villa 0-0: Ball
1-0: DOUBLE (Flyball, 8RXD)
Batting: LHB Domingo Ledesma 0-0: Ball
1-0: Called Strike
1-1: Foul Ball, location: 2F
1-2: Ball
2-2: Foul Ball, location: 2F
2-2: Foul Ball, location: 2F
2-2: Ball
3-2: Ground out 1-3 (Groundball, 13S)
Anastasio Villa to third
Batting: RHB Carlos Miranda 0-0: Ball
1-0: Called Strike
1-1: Ball
2-1: Called Strike
2-2: Foul Ball, location: 2F
2-2: Strikes out swinging
Top of the 8th over - 0 run(s), 1 hit(s), 0 error(s), 1 left on base; Key West 3 - Wichita 15
BOTTOM OF THE 8TH
Wichita Wranglers batting - Pitching for Key West Barracudas : RHP Ed Calhoun
Batting: RHB Dave Henderson 0-0: Ball
1-0: Foul Ball, location: 2F
1-1: Called Strike
1-2: Strikes out looking
Batting: RHB Miguel Monteagudo 0-0: Called Strike
0-1: Swinging Strike
0-2: Foul Ball, location: 2F
0-2: Strikes out swinging
Batting: SHB Javier Peña 0-0: Ball
1-0: Ball
2-0: Ball
3-0: Base on Balls
Batting: RHB Ed Watkins 0-0: Called Strike
0-1: Ball
1-1: Ground out 6-3 (Groundball, 6)
Bottom of the 8th over - 0 run(s), 0 hit(s), 0 error(s), 1 left on base; Key West 3 - Wichita 15
TOP OF THE 9TH
Key West Barracudas batting - Pitching for Wichita Wranglers : LHP Fred Villa
Batting: LHB Motoki Hirata 0-0: Called Strike
0-1: Foul Ball, location: 2F
0-2: Ball
1-2: Foul Ball, location: 2F
1-2: Foul Ball, location: 2F
1-2: Ball
2-2: Strikes out swinging
Batting: LHB Daniel Byrd 0-0: Fly out, F8 (Flyball, 78S)
Batting: RHB Dan Craft 0-0: Ball
1-0: Fly out, F8 (Line Drive, 8RXD)
Top of the 9th over - 0 run(s), 0 hit(s), 0 error(s), 0 left on base; Key West 3 - Wichita 15
Monday, December 5th, 2016 - OOTP Baseball 17.12 Build 75